 Dungeon Crawl Stone Soup version 0.32-a0-18-g89e19f1974 (webtiles) character file.

Game seed: 9833178032849752686

230 Essalna the Digger (level 6, 0/36 HPs)
             Began as a Gargoyle Earth Elementalist on Jan 16, 2024.
             Incinerated by a bombardier beetle (5 damage)
             ... with a burning spray
             ... on level 4 of the Dungeon.
             The game lasted 00:03:56 (2933 turns).

Essalna the Digger (Gargoyle Earth Elementalist)    Turns: 2933, Time: 00:03:57

Health: 0/36       AC:  6    Str:  9 (12) XL:     6   Next: 3%
Magic:  6/10       EV: 12    Int: 15 (17) God:
Gold:   98         SH:  0    Dex: 12 (13) Spells: 7/11 levels left

rFire   . . .        o - +1 mace "Hotsur" {heavy, Dex+3}
rCold   . . .        (no shield)
rNeg    + . .        a - +0 robe
rPois   ∞            (no helmet)
rElec   +            (no cloak)
rCorr   .            (no gloves)
SInv    .            (no boots)
Will    .....        (no amulet)
Stlth   +            (no ring)
HPRegen 0.26/turn    (no ring)
MPRegen 0.12/turn

%: no passive effects
@: on fire, glowing
A: sickness immunity, AC +4, negative energy resistance 1, electricity
resistance, torment resistance 1, petrification resistance
a: no special abilities


You were on level 4 of the Dungeon.
You visited 1 branch of the dungeon, and saw 4 of its levels.

You collected 98 gold pieces.

Inventory:

Hand Weapons
 l - a +1 whip of draining
 o - the +1 mace "Hotsur" (weapon) {heavy, Dex+3}
   (You found it on level 3 of the Dungeon)

   Dex+3:     It affects your dexterity (+3).
Armour
 a - a +0 robe (worn)
Wands
 q - a wand of charming (9)
Scrolls
 c - a scroll of amnesia {unknown}
 h - a scroll of identify {unknown}
 k - 2 scrolls of poison {unknown}
 m - a scroll of teleportation {unknown}
 n - a scroll of immolation {unknown}
 p - a scroll of vulnerability {unknown}
Potions
 b - 2 potions of magic
 d - a potion of enlightenment {unknown}
 e - a potion of lignification {unknown}
 f - a potion of degeneration
 g - a potion of invisibility {unknown}
 i - a potion of curing
 j - a potion of attraction {unknown}


   Skills:
 + Level 2.8 Fighting
 - Level 1.5 Dodging
 - Level 2.1 Stealth
 + Level 3.2 Spellcasting
 + Level 3.2 Conjurations
 + Level 4.9 Earth Magic


You had 7 spell levels left.
You knew the following spells:

 Your Spells              Type           Power      Damage    Failure   Level
a - Sandblast             Erth           34%        2d9       2%          1
b - Stone Arrow           Conj/Erth      28%        3d8       11%         3

Your spell library contained the following spells:

 Spells                   Type           Power      Damage    Failure   Level
 Magic Dart               Conj           48%        1d5       5%          1
 Passwall                 Erth           17%        N/A       8%          3
 Slow                     Hex            8%         N/A       21%         1
 Blink                    Tloc           4%         N/A       30%         2
 Call Imp                 Summ           4%         N/A       30%         2
 Brom's Barrelling Bould  Conj/Erth      14%        2d4       36%         4
 Confusing Touch          Hex            2%         N/A       52%         3
 Sigil of Binding         Hex            2%         N/A       52%         3
 Vampiric Draining        Necr           2%         2d6       52%         3
 Animate Armour           Summ/Erth      18%        N/A       56%         4
 Petrify                  Alch/Erth      9%         N/A       56%         4
 Summon Hydra             Summ           1%         N/A       100%        7
 Lehudib's Crystal Spear  Conj/Erth      7%         10d3      100%        8
 Sublimation of Blood     Necr           Unusable   N/A       N/A         2

Dungeon Overview and Level Annotations

Branches:
Dungeon (4/15)
 Temple: D:4-7

Altars:


Innate Abilities, Weirdness & Mutations

You are immune to sickness and miasma.
Your stone body is resilient. (AC +4)
You are immune to poison.
You resist negative energy. (rN+)
You are resistant to electric shocks. (rElec)
You are resistant to unholy torment.
You are immune to petrification.


Message History

The liquid fire burns you!
The blast of sand hits the bombardier beetle but does no damage.
The bombardier beetle is heavily wounded.
The liquid fire burns you!
You are too injured to fight recklessly!
You are too injured to fight recklessly!
You are too injured to fight recklessly!
You are too injured to fight recklessly!
Casting: Sandblast (safe; 2% risk of failure)
Confirm with . or Enter, or press ? or * to list all spells.
Aiming: Sandblast (safe; 2% risk of failure)
Press: ? - help, Shift-Dir - straight line, f/p - bombardier beetle
Aim: a bombardier beetle (moderately wounded, 89% to hit)
The blast of sand hits the bombardier beetle.
The bombardier beetle is heavily wounded.
The liquid fire burns you!
Casting: Sandblast (safe; 2% risk of failure)
Confirm with . or Enter, or press ? or * to list all spells.
Aiming: Sandblast (safe; 2% risk of failure)
Press: ? - help, Shift-Dir - straight line, f/p - bombardier beetle
Aim: a bombardier beetle (heavily wounded, 89% to hit)
The blast of sand hits the bombardier beetle!
You kill the bombardier beetle!
The liquid fire burns you!
* * * LOW HITPOINT WARNING * * *
You have reached level 6!
You are on fire!
You are on fire!
You are on fire!
The liquid fire burns you!
* * * LOW HITPOINT WARNING * * *
It was a potion of degeneration.
There was something very wrong with that liquid.
You feel weakened.
You feel dopey.
You feel clumsy. The liquid fire burns you!
* * * LOW HITPOINT WARNING * * *
It was a potion of curing.
You feel better. The liquid fire burns you!
* * * LOW HITPOINT WARNING * * *
The liquid fire burns you!
You die...

###
############.#
#............#
#.##########.#
#.##########.#
#...)..)..<#.#
############@#
........#
.########


There were no monsters in sight!

Vanquished Creatures
  A bombardier beetle (D:4)
  Ijyb (D:4)
  6 adders
  4 gnolls (D:2)
  3 ribbon worms (D:2)
  8 ball pythons
  4 bats
  4 endoplasms (D:2)
  A giant cockroach (D:1)
  6 goblins
  10 hobgoblins
  6 jackals
  6 kobolds
  3 quokkas (D:1)
  3 frilled lizards
  8 rats
74 creatures vanquished.

Notes
Turn   | Place    | Note
-------+----------+-------------------------------------------
     0 | D:1      | Essalna the Gargoyle Earth Elementalist began the quest for
                  | the Orb.
     0 | D:1      | Reached XP level 1. HP: 10/10 MP: 3/3
   192 | D:1      | Reached XP level 2. HP: 16/16 MP: 0/5
   398 | D:1      | You fall into a shaft and drop 1 floor!
   404 | D:2      | Reached skill level 1 in Fighting
   404 | D:2      | Reached skill level 4 in Earth Magic
   449 | D:2      | Reached XP level 3. HP: 20/20 MP: 3/6
   832 | D:1      | Reached XP level 4. HP: 25/25 MP: 5/7
   867 | D:1      | Learned a level 3 spell: Stone Arrow
  1127 | D:1      | Found a faded altar of an unknown god.
  1846 | D:2      | Reached XP level 5. HP: 30/30 MP: 6/9
  2373 | D:3      | Identified the +1 mace "Hotsur" {heavy, Dex+3}
  2872 | D:4      | Noticed Ijyb
  2878 | D:4      | Killed Ijyb
  2930 | D:4      | Reached XP level 6. HP: 8/36 MP: 5/10
  2931 | D:4      | HP: 1/36 [burnt (5)]
  2933 | D:4      | Incinerated by a bombardier beetle

Illustrated notes

Levels and vault maps discovered:
D:1:      wander_arrival_fairy_ring, layout_loops_corners,
          ebering_ecumenical_altar_mist, amethyst_killhole,
          minmay_misc_feat_room, serial_bayou_pond_e
D:2:      layout_rooms
D:3:      layout_basic
D:4:      layout_basic, lemuel_zombie_altar_yredelemnul,
          mainiacjoe_overflow_boulevard, minmay_temple_entry_enclosed_plants,
          serial_shops, shop, nicolae_shop_getting_attention,
          nicolae_shop_real_fake_doors, minmay_ruptured, uniq_ijyb

Skill      XL: |  1  2  3  4  5 |
---------------+----------------+-----
Fighting       | 1 2 |  2.8
Earth Magic    | 4 |  4.9
Conjurations   | 2 3 |  3.2
Spellcasting   | 3 |  3.2
Dodging        | |  1.5
Stealth        | |  2.1

Action                     |  1- 3 |  4- 6 || total
---------------------------+-------+-------++-------
  Melee: Unarmed           |    22 |       ||    22
         Mace              |       |    46 ||    46
         Whip              |       |     2 ||     2
   Cast: Sandblast         |    43 |    52 ||    95
    Use: Potion            |       |     2 ||     2
   Stab: Sleeping          |       |     3 ||     3
 Armour: Robe              |    25 |    49 ||    74
  Dodge: Dodged            |    35 |    65 ||   100

Table legend: (Time is in decaauts)
 A = Elapsed time spent in this place.
 B = Non-inter-level travel time spent in this place.
 C = Inter-level travel time spent in this place.
 D = Time resting spent in this place.
 E = Time spent auto-exploring this place.
 F = Levels seen in this place.
 G = Mean time per level.
                   A        B        C        D        E       F      G
               +--------+--------+--------+--------+--------+-----+--------+
         Total |   3031 |   2950 |     81 |    104 |   2336 |   4 |  757.8 |
       Dungeon |   3031 |   2950 |     81 |    104 |   2336 |   4 |  757.8 |
               +--------+--------+--------+--------+--------+-----+--------+

Top non-repeatable levels by time:
     D:1: 1306 daAuts
     D:3: 907 daAuts
     D:2: 752 daAuts
     D:4: 65 daAuts
